Map: Ascension to Aiur LE

Players

Kelazhur

  • Race: Terran Terran
  • Spawn Location: 11:00

Elazer - Winner!

  • Race: Zerg Zerg
  • Spawn Location: 5:00

Event: 2017 WCS Global Finals

VOD

Have the link to the VOD?

Description

Time

  • Played on: Oct. 28, 2017, 3:58 p.m.
  • Length: 15:52

All games in this series

Show
View Real Time Build Order
Export as new Build Order

Kelazhur Terran 

Build Orders: Reaper Expand, Bio Tank 

Get SALT Encoding   

  12  0:00  SCV  
  13  0:12  SCV  
  14  0:17  Supply Depot  
  14  0:24  SCV  
  15  0:38  SCV  
  15  0:40  Barracks  
  16  0:43  Refinery  
  16  0:50  SCV  
  17  1:02  SCV  
  18  1:15  SCV  
  19  1:26  Reaper  
  19  1:27  Orbital Command  
  20  1:39  Command Center  
  20  1:50  Barracks  
  20  1:58  Marine  
  21  2:01  Supply Depot  
  21  2:04  SCV  
  22  2:09  Refinery  
  22  2:16  SCV, Barracks Reactor  
  23  2:25  Factory  
  23  2:29  SCV  
  24  2:38  Barracks Tech Lab  
  24  2:41  SCV  
  25  2:50  Orbital Command  
  25  2:52  Marine x2  
  25  2:53  SCV  
  28  2:59  Marine  
  28  3:03  Stimpack  
  29  3:06  SCV  
  29  3:10  Marine x2  
  32  3:16  Starport  
  32  3:19  SCV  
  33  3:20  SCV  
  33  3:24  Marine  
  33  3:26  Factory Tech Lab  
  35  3:31  SCV  
  36  3:34  Marine x2  
  36  3:38  SCV  
  36  3:39  Supply Depot  
  39  3:43  SCV  
  39  3:48  Marine  
  41  3:50  SCV  
  41  3:52  Marine x2  
  41  3:55  SCV  
  45  4:00  Medivac, High Capacity Fuel Tanks  
  48  4:02  SCV  
  48  4:03  Supply Depot  
  48  4:07  SCV, Marine  
  50  4:10  Marine  
  50  4:13  Marine  
  50  4:14  SCV  
  53  4:19  Supply Depot, SCV  
  54  4:26  Supply Depot  
  54  4:27  Marine  
  54  4:28  Marine  
  54  4:30  Medivac  
  54  4:31  SCV, Marine  
  59  4:34  SCV  
  61  4:40  Factory Reactor  
  61  4:43  SCV  
  61  4:45  Marine x2  
  63  4:46  SCV  
  63  4:48  Supply Depot  
  63  4:49  Marine  
  66  4:55  SCV  
  66  4:56  Engineering Bay x2  
  66  4:58  SCV  
  68  5:03  Marine  
  69  5:07  SCV  
  69  5:09  Marine x2  
  69  5:10  SCV  
  73  5:19  SCV  
  73  5:20  Command Center, Marine  
  75  5:23  SCV  
  75  5:26  Marine  
  75  5:27  Marine  
  81  5:37  Terran Infantry Weapons Level 1, Terran Infantry Armor Level 1  
  81  5:38  Marine  
  81  5:40  SCV  
  83  5:44  Medivac, Marine x2  
  83  5:45  Medivac  
  83  5:47  Supply Depot  
  86  5:51  Refinery x2  
  86  5:54  SCV x2  
  86  5:56  Marine  
  86  5:57  Combat Shields  
  89  6:02  Marine  
  90  6:07  Barracks x2  
  90  6:09  SCV x2  
  92  6:12  Marine  
  93  6:19  Barracks  
  93  6:21  SCV  
  93  6:23  SCV  
  93  6:24  Supply Depot  
  95  6:25  Marine x2  
  95  6:29  Marine  
  95  6:31  Siege Tank  
  101  6:36  SCV  
  102  6:41  Orbital Command  
  102  6:43  Marine x2  
  104  6:47  Marine  
  104  6:50  Armory  
  105  7:01  Marine  
  103  7:02  SCV  
  103  7:03  Marine, Orbital Command, Siege Tank  
  103  7:04  Barracks Reactor x2  
  107  7:10  SCV  
  107  7:15  SCV  
  109  7:16  Medivac, Marine  
  109  7:17  Medivac, Supply Depot, Barracks Reactor  
  109  7:22  SCV  
  115  7:25  Marine  
  115  7:26  Supply Depot  
  115  7:27  SCV  
  115  7:28  SCV  
  115  7:29  Marine  
  119  7:31  Supply Depot  
  119  7:33  Supply Depot  
  119  7:34  Marine  
  119  7:35  SCV  
  121  7:37  Siege Tank  
  121  7:39  SCV  
  121  7:41  SCV  
  126  7:48  SCV, Marine  
  126  7:50  Marine x3  
  126  7:51  SCV  
  130  7:53  SCV  
  130  7:55  Terran Infantry Weapons Level 2  
  130  7:58  Marine x5  
  130  8:01  Supply Depot  
  130  8:04  Refinery  
  130  8:05  Terran Infantry Armor Level 2  
  135  8:06  SCV, Marine  
  135  8:09  Siege Tank  
  135  8:10  Bunker, Marine x2  
  135  8:12  SCV  
  143  8:16  Marine x2  
  143  8:17  Marine x2  
  143  8:18  Marine  
  146  8:28  Medivac  
  146  8:33  Supply Depot  
  148  8:35  SCV  
  148  8:38  Supply Depot  
  148  8:39  Medivac, SCV x2, Terran Vehicle Weapons Level 1  
  148  8:40  Supply Depot  
  153  8:45  Siege Tank  
  156  8:51  Supply Depot  
  156  8:53  Marine  
  156  8:55  Marine x5  
  163  8:59  Supply Depot, Marine  
  162  9:03  Barracks  
  162  9:07  Marine  
  156  9:18  Marine  
  156  9:20  Marine x7  
  156  9:21  Siege Tank  
  165  9:27  Barracks  
  117  9:39  Medivac x2  
  117  9:41  Marine x7  
  117  9:44  Marine  
  115  9:50  Marine  
  115  9:51  Marine  
  97  9:53  Siege Tank  
  97  9:58  Refinery  
  97  9:59  Marine x5  
  105  10:01  Marine x2  
  105  10:02  Marine  
  108  10:08  SCV x3, Marine x2  
  108  10:13  Terran Infantry Weapons Level 3  
  113  10:16  Marine  
  113  10:17  Marine x3  
  117  10:24  SCV x3  
  117  10:25  Supply Depot, Marine x4  
  117  10:26  Marine  
  125  10:31  Terran Infantry Armor Level 3  
  125  10:33  Siege Tank  
  128  10:38  Marine  
  128  10:39  Marine x4  
  133  10:43  Marine  
  133  10:47  Barracks Reactor, Barracks Tech Lab  
  133  10:49  Barracks  
  134  10:51  Marine x3  
  134  10:56  Marine  
  138  10:57  Marauder  
  137  11:04  Marine  
  137  11:05  Siege Tank  
  137  11:11  Marine x2  
  137  11:12  Supply Depot  
  137  11:13  Supply Depot  
  137  11:16  Medivac x2, Marine  
  137  11:18  SCV x3  
  147  11:27  Command Center  
  147  11:30  Marine x7  
  154  11:37  Siege Tank  
  154  11:38  Marauder x2  
  154  11:39  Barracks Tech Lab  
  161  11:44  Refinery, SCV  
  156  11:59  Marauder  
  156  12:01  Marauder  
  144  12:04  SCV x3  
  144  12:08  Medivac x2  
  145  12:09  Marine x2  
  141  12:16  SCV  
  141  12:17  Siege Tank  
  140  12:23  Marauder x2  
  140  12:29  SCV x3  
  147  12:36  Marauder, Marine x3  
  152  12:41  SCV  
  153  12:44  SCV x2  
  153  12:47  Marauder, Marine  
  158  12:51  Supply Depot  
  158  12:52  Marine x4  
  162  13:00  Marauder  
  162  13:04  Marine x3  
  167  13:07  Supply Depot  
  167  13:08  Marine  
  167  13:09  Marine x4  
  171  13:18  Marine  
  138  13:21  Marine x5  
  138  13:22  Marine x2  
  138  13:26  Marine  
  131  13:35  Marine x4  
  131  13:36  Unknown x4, Marine  
  131  13:39  SCV, Marine x2  
  135  13:45  Marine  
  135  13:47  Marine  
  137  13:50  Siege Tank  
  134  14:05  Marauder, Marine  
  136  14:14  Marine  
  106  14:18  Marine x9  
  106  14:24  Marine  
  111  14:25  Marine  
  111  14:29  Marine  
  113  14:36  Siege Tank  
  113  14:37  Marine  
  111  14:41  Marauder  
  111  14:44  Marine  
  90  14:53  Marine x3  
  90  14:57  Marine  
  90  14:59  Marine  
  95  15:09  Marauder, Marine  
  95  15:11  Marine  
  99  15:16  Marine  
  99  15:17  Marine  
Show
View Real Time Build Order
Export as new Build Order

Elazer Zerg - Winner!

Build Orders: Hatch First 

Get SALT Encoding   

  12  0:00  Drone  
  13  0:13  Overlord  
  13  0:17  Drone  
  14  0:31  Drone x2  
  16  0:49  Hatchery  
  15  0:52  Drone  
  15  0:55  Drone  
  17  0:59  Drone  
  18  1:09  Extractor  
  17  1:14  Spawning Pool  
  17  1:18  Drone  
  17  1:21  Drone  
  18  1:28  Drone  
  19  1:40  Overlord  
  19  1:50  Drone  
  20  2:00  Queen  
  20  2:01  Queen, Zergling x4  
  26  2:20  Hatchery  
  25  2:24  Drone  
  25  2:26  Drone  
  25  2:29  Drone  
  28  2:35  Metabolic Boost  
  28  2:42  Drone  
  29  2:47  Pneumatized Carapace  
  29  2:49  Drone  
  30  2:53  Drone  
  30  2:56  Overlord  
  31  3:00  Drone  
  31  3:02  Drone  
  33  3:06  Drone  
  33  3:10  Drone x2  
  36  3:14  Queen  
  36  3:18  Drone  
  39  3:22  Drone  
  39  3:23  Drone  
  39  3:26  Drone x2  
  43  3:31  Overlord  
  43  3:36  Drone x2  
  43  3:39  Zergling x2  
  43  3:40  Zergling x4  
  48  3:48  Queen  
  50  3:49  Zergling x2  
  50  3:50  Zergling x2  
  50  3:51  Drone  
  50  3:53  Drone  
  50  3:54  Drone  
  50  3:55  Drone  
  56  3:56  Drone  
  57  4:09  Overlord  
  57  4:10  Queen  
  57  4:11  Spore Crawler  
  57  4:13  Overlord  
  58  4:20  Extractor  
  58  4:21  Baneling Nest, Lair  
  58  4:23  Drone x2  
  58  4:28  Drone  
  58  4:29  Drone x3  
  62  4:33  Overlord  
  62  4:35  Drone x3  
  62  4:38  Overlord  
  65  4:40  Spore Crawler  
  65  4:42  Drone  
  65  4:47  Drone  
  65  4:49  Queen  
  65  4:52  Zergling x6  
  71  4:55  Overlord  
  71  4:56  Drone  
  72  5:00  Drone  
  72  5:02  Zergling x4  
  72  5:03  Zergling x2  
  72  5:05  Baneling x2  
  72  5:06  Baneling x2  
  76  5:11  Overlord, Baneling x2  
  76  5:12  Zergling x6  
  79  5:16  Overlord  
  79  5:18  Overseer  
  79  5:20  Drone x3  
  82  5:21  Drone  
  82  5:23  Overlord  
  82  5:26  Drone  
  84  5:29  Centrifical Hooks  
  84  5:34  Drone  
  84  5:38  Overlord  
  84  5:42  Drone x2  
  86  5:44  Extractor, Evolution Chamber x2  
  86  5:45  Extractor, Drone x3  
  86  5:47  Overlord  
  85  5:52  Overlord  
  85  5:54  Zergling x2  
  85  5:55  Zergling x4  
  88  5:58  Overlord  
  88  6:01  Drone x3  
  91  6:04  Overlord  
  91  6:10  Zerg Melee Weapons Level 1  
  92  6:11  Zergling x4  
  92  6:16  Overlord, Zerg Ground Armor Level 1  
  94  6:18  Zergling x2  
  94  6:20  Overlord  
  94  6:21  Zergling x2  
  94  6:23  Zergling x4  
  94  6:24  Hatchery  
  96  6:28  Zergling x2  
  96  6:35  Zergling x2  
  96  6:36  Zergling x8  
  98  6:41  Drone  
  98  6:44  Baneling, Zergling x2  
  98  6:45  Zergling x4  
  102  6:49  Hatchery  
  102  6:50  Zergling x8  
  104  6:56  Zergling x4  
  102  7:03  Zergling x2  
  102  7:04  Zergling x4  
  102  7:07  Hydralisk Den  
  102  7:08  Extractor  
  103  7:10  Drone x2  
  103  7:12  Drone x2  
  103  7:13  Drone  
  108  7:18  Zergling x12  
  108  7:21  Baneling x5  
  108  7:22  Baneling x3  
  114  7:23  Overlord  
  114  7:24  Zergling x4  
  114  7:26  Baneling x5  
  116  7:31  Zergling x4  
  116  7:36  Zergling x2  
  119  7:43  Overlord  
  114  7:48  Zergling x2  
  114  7:49  Zergling x12  
  116  7:53  Muscular Augments, Drone x2  
  117  8:01  Hydralisk  
  117  8:02  Hydralisk x2  
  123  8:06  Baneling x3  
  123  8:07  Zerg Melee Weapons Level 2, Baneling x2  
  123  8:08  Drone  
  123  8:11  Overlord, Zerg Ground Armor Level 2  
  123  8:12  Drone x3  
  127  8:13  Drone  
  127  8:14  Drone  
  127  8:16  Hydralisk  
  127  8:18  Baneling  
  127  8:19  Baneling x3  
  124  8:27  Hydralisk x2  
  124  8:33  Hydralisk  
  124  8:34  Hydralisk  
  129  8:36  Overlord  
  129  8:40  Hydralisk x2  
  135  8:41  Zergling x6  
  135  8:42  Zergling x2  
  135  8:47  Hydralisk  
  135  8:48  Hydralisk  
  141  8:51  Hatchery  
  141  8:52  Hydralisk  
  144  8:58  Hydralisk  
  144  8:59  Hydralisk  
  144  9:01  Zergling x2  
  144  9:02  Zergling x14  
  155  9:03  Baneling x3  
  155  9:05  Zergling x2  
  155  9:06  Zergling x6  
  159  9:10  Zergling x2  
  159  9:11  Zergling x6  
  159  9:15  Baneling  
  159  9:16  Baneling x5  
  162  9:18  Overlord  
  162  9:19  Zergling x6  
  162  9:22  Baneling x3  
  163  9:28  Zergling x2  
  163  9:29  Zergling x12  
  169  9:34  Zergling x2  
  138  9:39  Hydralisk x4  
  138  9:41  Zergling x2  
  138  9:42  Zergling x2  
  128  9:47  Hydralisk x2  
  126  9:55  Infestation Pit, Hydralisk  
  126  9:56  Zergling x14  
  134  10:02  Zergling x10  
  139  10:09  Overlord  
  139  10:10  Baneling x5  
  139  10:11  Zergling x2  
  139  10:12  Zergling x6  
  143  10:20  Overlord  
  143  10:22  Baneling x6, Zergling x2  
  143  10:23  Zergling x16  
  143  10:25  Zerg Missile Weapons Level 1  
  152  10:32  Hydralisk  
  152  10:33  Hydralisk x2  
  158  10:40  Extractor  
  158  10:42  Drone x2  
  159  10:44  Overlord x2, Drone  
  159  10:45  Overlord  
  159  10:48  Zergling x10  
  165  10:53  Overlord  
  164  10:57  Zergling x10  
  164  10:59  Zergling x4  
  168  11:04  Zergling x2  
  168  11:05  Zergling x12  
  168  11:07  Overlord, Hive  
  168  11:08  Zergling x2  
  168  11:09  Zergling x4  
  173  11:13  Zergling x10  
  173  11:17  Infestor x2  
  173  11:18  Burrow  
  182  11:21  Overlord  
  182  11:22  Infestor  
  184  11:25  Zergling x2  
  184  11:26  Zergling x6  
  179  11:57  Zergling x8  
  179  12:01  Hydralisk x3  
  174  12:06  Overlord  
  171  12:13  Zergling x2  
  171  12:14  Zergling x10  
  170  12:18  Zergling x8  
  170  12:21  Adrenal Glands, Zerg Melee Weapons Level 3, Zerg Ground Armor Level 3  
  173  12:27  Overlord, Zergling x2  
  173  12:28  Zergling x24  
  186  12:38  Overlord  
  186  12:39  Hatchery  
  186  12:40  Baneling x10  
  186  12:42  Zergling x12  
  186  12:44  Ultralisk Cavern  
  190  12:54  Baneling x4  
  190  13:00  Baneling x5  
  190  13:08  Zergling x20  
  200  13:19  Zergling x16  
  180  13:34  Ultralisk x3  
  180  13:37  Zergling x14  
  180  13:38  Zergling x4  
  180  13:40  Chitinous Plating  
  193  13:50  Zergling x8  
  193  13:51  Zergling x6  
  193  13:53  Drone  
  193  13:54  Overlord  
  200  13:57  Spawning Pool, Drone  
  194  14:16  Ultralisk x2  
  183  14:25  Ultralisk  
  183  14:32  Hydralisk x3  
  180  14:45  Ultralisk, Zergling x20  
  168  14:46  Zergling x14  
  172  14:56  Zergling x2  
  172  14:57  Zergling x12  
  179  15:01  Ultralisk  
  179  15:03  Zergling x6  
  185  15:10  Baneling x7  
  185  15:14  Extractor, Overseer  
  185  15:15  Extractor  
  185  15:16  Drone x5  
  185  15:17  Drone  
  185  15:20  Zergling x10  
  192  15:28  Zergling x10  
  192  15:34  Zergling x8  
  192  15:35  Zergling x4  
Tags
 
Add a new tag
Caveats
  • Supply blocks, unpowered buildings, or Contaminate may cause inaccurate times.
  • Supply counts are checked every 10 seconds.